 Dungeon Sprint DCSS version 0.26-a0-846-gcc8f1ee719 (webtiles) character file.

Game seed: 6403011883470420413

7522 rocky1 the Impaler (level 11, -14/79 HPs)
             Began as a Merfolk Ice Elementalist on Nov 20, 2020.
             Was the Champion of Sif Muna.
             Killed from afar by a storm dragon (45 damage)
             ... with a bolt of lightning
             ... in the Dungeon (Sprint VII: "The Pits").
             The game lasted 00:13:08 (3018 turns).

rocky1 the Impaler (Merfolk Ice Elementalist)       Turns: 3018, Time: 00:13:09

Health: -14/79     AC: 11    Str: 15    XL:     11   Next: 16%
Magic:  5/25       EV: 22    Int: 17    God:    Sif Muna [******]
Gold:   0          SH:  0    Dex: 15    Spells: 20/31 levels left

rFire    . . .     SeeInvis .   n - +2 halberd (venom)
rCold    . . .     Faith    .   (shield currently unavailable)
rNeg     . . .     Spirit   .   l - +0 leather armour
rPois    .         Reflect  .   (no helmet)
rElec    .         Harm     .   (no cloak)
rCorr    .         Rampage  .   r - +0 pair of gloves
MR       .....     NoTele   +   (no boots)
Stlth    ++........             (no amulet)
HPRegen  0.23/turn              o - +3 ring of strength
MPRegen  0.19/turn              p - +3 ring of strength

@: icy armour, frozen ramparts
A: change form in water, swift swim, stealthy swim
a: Channel Magic, Forget Spell, Divine Exegesis, Renounce Religion


You were in the Dungeon.
You worshipped Sif Muna.
Sif Muna was exalted by your worship.
You visited 1 branch

Inventory:

Hand Weapons
 a - a +0 glaive
 m - a +4 quarterstaff of speed
 n - a +2 halberd of venom (weapon)
Armour
 l - a +0 leather armour (worn)
 r - a +0 pair of gloves (worn)
Jewellery
 o - a +3 ring of strength (left hand)
 p - a +3 ring of strength (right hand)
Scrolls
 h - a scroll of blinking
 i - 3 scrolls of remove curse
 j - 5 scrolls of amnesia
 k - a scroll of summoning
Potions
 b - a potion of invisibility
 c - 8 potions of curing
 e - 3 potions of haste
 f - 4 potions of magic
 g - 3 potions of berserk rage
 q - a potion of brilliance


   Skills:
 + Level 5.0 Fighting
 + Level 15.6 Polearms
 + Level 14.7 Dodging
 - Level 2.1 Stealth
 + Level 10.9 Spellcasting
 + Level 15.4 Ice Magic
 + Level 10.4 Invocations


You had 20 spell levels left.
You knew the following spells:

 Your Spells              Type           Power        Failure   Level
a - Freeze                Ice            ####         0%          1
b - Frozen Ramparts       Ice            ######       1%          3
c - Ozocubu's Armour      Ice            ######..     1%          3
d - Hailstorm             Conj/Ice       #####...     4%          4

Your spell library contained the following spells:

 Spells                   Type           Power        Failure   Level
 Ensorcelled Hibernation  Hex/Ice        #####.       1%          2
 Ozocubu's Refrigeration  Ice            ######....   2%          6
 Summon Ice Beast         Ice/Summ       #####...     4%          4
 Animate Skeleton         Necr           #.....       10%         1
 Pain                     Necr           #...         10%         1
 Metabolic Englaciation   Hex/Ice        #####.....   11%         5
 Corpse Rot               Necr/Air       N/A          14%         2
 Slow                     Hex            #.......     14%         2
 Sublimation of Blood     Necr           #.........   14%         2
 Call Canine Familiar     Summ           #.......     28%         3
 Confusing Touch          Hex            #.......     28%         3
 Conjure Flame            Conj/Fire      #.......     28%         3
 Dazzling Flash           Conj/Hex       #.....       28%         3
 Summon Guardian Golem    Hex/Summ       #.......     28%         3
 Vampiric Draining        Necr           #.........   28%         3
 Simulacrum               Ice/Necr       #####.....   52%         6
 Dispel Undead            Necr           #.......     67%         4
 Bolt of Magma            Conj/Fire/Erth #.........   95%         5
 Borgnjor's Vile Clutch   Necr/Erth      #.........   95%         5
 Fireball                 Conj/Fire      #.........   95%         5
 Irradiate                Conj/Tmut      #.........   95%         5
 Silence                  Hex/Air        #.........   95%         5
 Iron Shot                Conj/Erth      #.........   100%        6
 Starburst                Conj/Fire      #.........   100%        6
 Malign Gateway           Summ/Tloc      #.........   100%        7
 Summon Hydra             Summ           #.........   100%        7
 Absolute Zero            Ice            ######....   100%        9
 Death's Door             Necr           #.........   100%        9


Dungeon Overview and Level Annotations

Branches:
Dungeon (1/1)

Altars:
Ashenzari
Cheibriados
Dithmenos
Elyvilon
Fedhas
Gozag
Hepliaklqana
Kikubaaqudgha
Makhleb
Nemelex Xobeh
Okawaru
Qazlal
Ru
Sif Muna
Trog
Uskayaw
Vehumet
Wu Jian
Xom
Yredelemnul
Zin
The Shining One
Beogh
Jiyva
Lugonu


Message History

The bat simulacrum completely resists.
The wall freezes the bat simulacrum but do no damage.
The bat simulacrum hits you. The bat simulacrum freezes you.
The storm dragon resists.
The wall freezes the storm dragon.
The wall freezes the death knight.
Casting: Hailstorm (dangerous; 4% risk of failure)
Confirm with . or Enter, or press ? or * to list all spells.
A cannonade of hail descends around you!
The bat simulacrum is unaffected.
The hail pelts the death knight!
The death knight is heavily wounded.
The bat simulacrum completely resists.
The wall freezes the bat simulacrum but do no damage.
The bat simulacrum completely resists.
The wall freezes the bat simulacrum but do no damage.
The wall freezes the death knight!
The storm dragon resists.
The wall freezes the storm dragon.
The storm dragon breathes lightning at you.
The bolt of lightning hits you!!!
Ouch! That really hurt!
You die...

#..#....#..#
+..........#
+..........#
#..#....#..#
#..........+
#..........+
###''####''#
###''####''#########
#..@...##...........
#.#D##.##...........
#.#pZ .##..#########
# +.E# ##..# #=.+
#..# #++##########
+.|# #..#
........##..# ##+#
#..# .#......##..#
#..# ........''..#
#).#


You could see a storm dragon (catching breath), a death knight, an earth
elemental and a bat simulacrum.

Vanquished Creatures
  A rakshasa (D)
  2 two-headed ogres (D)
  A vampire mage (D)
  A sea snake (D)
  A necromancer (D)
  An orc sorcerer (D)
  A guardian serpent (D)
  A hellwing (D)
  A demonic crawler (D)
  2 red devils (D)
  A large abomination (D)
  A flying skull (D)
  A fire elemental (D)
  A basilisk (D)
  A ynoxinul (D)
  3 yaks (D)
  A chaos spawn (D)
  A steam dragon (D)
  A floating eye (D)
  A water moccasin (D)
  A black bear (D)
  A swamp drake (D)
  2 orc warriors (D)
  An ogre (D)
  A necrophage (D)
  2 big kobolds (D)
  A scorpion (D)
  3 wights (D)
  A jelly (D)
  An orc wizard (D)
  A hell rat (D)
  A river rat (D)
  2 ufetubi (D)
  A leopard gecko (D)
  7 orcs (D)
  2 bat skeletons (D)
  2 bat zombies (D)
  A giant cockroach (D)
  A goblin (D)
  A hobgoblin (D)
  2 jackals (D)
  A kobold (D)
  2 rats (D)
62 creatures vanquished.

Notes
Turn   | Place    | Note
-------+----------+-------------------------------------------
     0 | D        | rocky1 the Merfolk Ice Elementalist began the quest for the
                  | Orb.
     0 | D        | Reached XP level 1. HP: 13/13 MP: 3/3
    18 | D        | Reached skill level 5 in Ice Magic
    43 | D        | Found a bloodstained altar of Trog.
    43 | D        | Found a shimmering blue altar of Sif Muna.
    43 | D        | Found a viscous altar of Jiyva.
    43 | D        | Found a hazy altar of Hepliaklqana.
    43 | D        | Found an opulent altar of Gozag.
    44 | D        | Found a glowing golden altar of the Shining One.
    44 | D        | Found a glowing silver altar of Zin.
    44 | D        | Found a basalt altar of Yredelemnul.
    44 | D        | Found a shimmering altar of Xom.
    44 | D        | Found an ornate altar of the Wu Jian Council.
    44 | D        | Found a sacrificial altar of Ru.
    44 | D        | Found a stormy altar of Qazlal.
    44 | D        | Found an iron altar of Okawaru.
    44 | D        | Found a sparkling altar of Nemelex Xobeh.
    44 | D        | Found a burning altar of Makhleb.
    44 | D        | Found a blossoming altar of Fedhas.
    44 | D        | Found a white marble altar of Elyvilon.
    44 | D        | Found a shadowy altar of Dithmenos.
    44 | D        | Found a snail-covered altar of Cheibriados.
    47 | D        | Found a corrupted altar of Lugonu.
    47 | D        | Found a radiant altar of Vehumet.
    47 | D        | Found a roughly hewn altar of Beogh.
    48 | D        | Found an ancient bone altar of Kikubaaqudgha.
    48 | D        | Found a hide-covered altar of Uskayaw.
    48 | D        | Found a broken altar of Ashenzari.
    49 | D        | Became a worshipper of Sif Muna the Loreminder
    69 | D        | Reached * piety under Sif Muna
    85 | D        | Noticed a big kobold
    89 | D        | Reached XP level 2. HP: 19/19 MP: 5/5
    96 | D        | Reached ** piety under Sif Muna
   104 | D        | Killed a big kobold
   105 | D        | Reached skill level 10 in Ice Magic
   105 | D        | Reached XP level 3. HP: 7/24 MP: 0/6
   105 | D        | Reached XP level 4. HP: 9/30 MP: 0/7
   525 | D        | Noticed a floating eye
   525 | D        | Noticed an ogre
   533 | D        | Paralysed by a floating eye for 2 turns
   545 | D        | Learned a level 3 spell: Frozen Ramparts
   549 | D        | Learned a level 3 spell: Ozocubu's Armour
   556 | D        | Killed a floating eye
   557 | D        | Reached skill level 5 in Dodging
   557 | D        | Reached XP level 5. HP: 35/35 MP: 7/10
   561 | D        | Killed an ogre
   562 | D        | Reached XP level 6. HP: 16/41 MP: 4/12
   754 | D        | Learned a level 4 spell: Hailstorm
   770 | D        | Noticed a flying skull
   781 | D        | Reached *** piety under Sif Muna
   783 | D        | Killed a flying skull
   784 | D        | Reached skill level 5 in Spellcasting
   784 | D        | Reached XP level 7. HP: 26/46 MP: 7/15
   802 | D        | Reached **** piety under Sif Muna
   929 | D        | Reached skill level 1 in Invocations
  1157 | D        | Noticed a red devil
  1160 | D        | Killed a red devil
  1161 | D        | Reached skill level 10 in Polearms
  1161 | D        | Reached skill level 10 in Dodging
  1161 | D        | Reached XP level 8. HP: 26/52 MP: 14/18
  1316 | D        | Reached ***** piety under Sif Muna
  1316 | D        | Identified Sif Muna's Reference Book on Unholy Arts (Sif
                  | Muna gifted it to you in the Dungeon)
  1316 | D        | Received a gift from Sif Muna
  1408 | D        | Identified Sif Muna's Grimoire of Companions and Earth (Sif
                  | Muna gifted it to you in the Dungeon)
  1408 | D        | Received a gift from Sif Muna
  1591 | D        | Noticed a two-headed ogre
  1601 | D        | Killed a two-headed ogre
  1601 | D        | Identified Ummunnur's Incunabulum of Frigorific Evil Arts
                  | (Sif Muna gifted it to you in the Dungeon)
  1601 | D        | Received a gift from Sif Muna
  1602 | D        | Reached XP level 9. HP: 15/57 MP: 14/21
  1872 | D        | Noticed an orc sorcerer
  1872 | D        | Noticed a sea snake
  1872 | D        | Noticed a boulder beetle
  1872 | D        | Noticed a demonic crawler
  1880 | D        | Killed a sea snake
  1882 | D        | Killed an orc sorcerer
  1888 | D        | Killed a demonic crawler
  2083 | D        | Reached XP level 10. HP: 40/63 MP: 19/23
  2208 | D        | Noticed a rakshasa
  2224 | D        | Identified Sif Muna's Handbook of Sinister Magic and
                  | Malediction (Sif Muna gifted it to you in the Dungeon)
  2224 | D        | Received a gift from Sif Muna
  2233 | D        | Killed a rakshasa
  2234 | D        | Reached skill level 10 in Spellcasting
  2407 | D        | Reached skill level 1 in Fighting
  2440 | D        | Noticed a necromancer
  2455 | D        | Killed a necromancer
  2459 | D        | Identified Sif Muna's Disquisition on Congealing
                  | Confrontation (Sif Muna gifted it to you in the Dungeon)
  2459 | D        | Received a gift from Sif Muna
  2463 | D        | Reached skill level 15 in Ice Magic
  2818 | D        | Noticed a vampire mage
  2818 | D        | Noticed a two-headed ogre
  2830 | D        | Noticed a flayed ghost
  2835 | D        | Killed a two-headed ogre
  2836 | D        | Reached skill level 15 in Polearms
  2836 | D        | Reached skill level 10 in Invocations
  2836 | D        | Killed a vampire mage
  2837 | D        | Reached XP level 11. HP: 76/78 MP: 20/25
  3005 | D        | Noticed a storm dragon
  3005 | D        | Noticed a death knight
  3009 | D        | Reached ****** piety under Sif Muna
  3014 | D        | Identified Sif Muna's Collected Works on the Entourage and
                  | Execration (Sif Muna gifted it to you in the Dungeon)
  3014 | D        | Received a gift from Sif Muna
  3017 | D        | Reached skill level 5 in Fighting
  3018 | D        | Killed from afar by a storm dragon

Illustrated notes

Levels and vault maps discovered:
D:        pitsprint [storerooms_1, entrance_room_1, metal_vault_3, armoury_2,
          mini_pit_1, grid_room_1, main_hall_1, silver_pit, the_coven_1,
          the_vestibule_1, steel_vault_3, golden_pit, hallway_of_sentries,
          crystal_vault_4, iron_vault_3, final_vault]

Skill      XL: |  1  2  3  4  5  6  7  8  9 10 11 |
---------------+----------------------------------+-----
Ice Magic      | 6 10 11 12 13 14 15 | 15.4
Polearms       | 4 6 8 10 12 13 15 | 15.6
Dodging        | 5 6 8 10 11 12 14 | 14.7
Spellcasting   | 3 4 5 7 8 9 10 | 10.9
Invocations    | 3 6 8 10 | 10.4
Fighting       | 4 5 |  5.0
Stealth        | |  2.1

Action                   |  1- 3 |  4- 6 |  7- 9 | 10-12 || total
-------------------------+-------+-------+-------+-------++-------
Melee: Trident           |    10 |    18 |    51 |       ||    79
       Halberd           |       |       |    23 |    59 ||    82
 Cast: Freeze            |     9 |       |     3 |       ||    12
       Frozen Ramparts   |       |     2 |    11 |     6 ||    19
       Ozocubu's Armour  |       |     1 |     4 |     4 ||     9
       Hailstorm         |       |       |       |     4 ||     4
  Use: Potion            |       |     1 |     5 |     5 ||    11
 Stab: Sleeping          |     4 |       |       |       ||     4
Armor: Robe              |     1 |     2 |    10 |       ||    13
       Leather armour    |       |       |    13 |     2 ||    15
Dodge: Dodged            |    11 |    18 |    86 |    53 ||   168

Table legend: (Time is in decaauts)
 A = Elapsed time spent in this place.
 B = Non-inter-level travel time spent in this place.
 C = Inter-level travel time spent in this place.
 D = Time resting spent in this place.
 E = Time spent auto-exploring this place.
 F = Levels seen in this place.
 G = Mean time per level.
                   A        B        C        D        E       F      G
               +--------+--------+--------+--------+--------+-----+--------+
         Total |   3003 |   3003 |      0 |   2142 |      0 |   1 | 3003.0 |
       Dungeon |   3003 |   3003 |      0 |   2142 |      0 |   1 | 3003.0 |
               +--------+--------+--------+--------+--------+-----+--------+

Top non-repeatable levels by time:
       D: 3003 daAuts
